 Dungeon Crawl Stone Soup version 0.23-a0-449-g8e4cbf7 (webtiles) character file.

92 russianmonk1111 the Digger (level 4, 3/28 HPs)
             Began as an Octopode Earth Elementalist on Nov 21, 2018.
             Quit the game on level 3 of the Dungeon.
             The game lasted 00:12:35 (3095 turns).

russianmonk1111 the Digger (OpEE)                   Turns: 3095, Time: 00:12:36

Health: 3/28       AC:  1    Str:  7    XL:     4   Next: 60%
Magic:  7/7        EV: 13    Int: 18    God:
Gold:   63         SH:  0    Dex: 12    Spells: 0/7 levels left

rFire    + . .     SeeInvis .   a - +0 dagger
rCold    . . .     Gourm    .   (no shield)
rNeg     . . .     Faith    .   (helmet restricted)
rPois    .         Spirit   .   (no amulet)
rElec    .         Reflect  .   e - ring of protection from fire
rCorr    .         Harm     .   (no ring)
MR       .....                  (no ring)
Stlth    +++.......             (no ring)
HPRegen  0.09/turn              (no ring)
MPRegen  0.10/turn              (no ring)
                                (no ring)
                                (no ring)

@: lethally poisoned (3 -> -2)
A: almost no armour, stealthy swim, amphibious, 8 rings, constrict 8, camouflage
1, gelatinous body 1
a: no special abilities


You were on level 3 of the Dungeon.
You were hungry.

You visited 1 branch of the dungeon, and saw 3 of its levels.

You collected 63 gold pieces.

Inventory:

Hand Weapons
 a - a +0 dagger (weapon)
 b - a +0 hunting sling
 f - a +0 blowgun
Missiles
 g - 54 stones (quivered)
 i - 33 sling bullets
 n - 20 poisoned needles
Jewellery
 e - a ring of protection from fire (left tentacle)
 h - an uncursed ring of fire
Scrolls
 o - a scroll of remove curse {@r2}
 p - a scroll of enchant weapon {unknown}
 q - a scroll of identify {@r1}
Potions
 j - a potion of cancellation
 l - a potion of brilliance
 m - a potion of flight
Comestibles
 c - 2 rations {!d}


   Skills:
 + Level 1.2 Fighting
 - Level 2.0 Dodging
 + Level 3.5 Stealth
 + Level 2.4 Spellcasting
 * Level 2.1 Transmutations
 * Level 3.8 Earth Magic


You couldn't memorise any spells.
You knew the following spells:

 Your Spells              Type           Power        Failure   Level  Hunger
a - Sandblast             Erth           ###...       3%          1    #......
b - Passwall              Tmut/Erth      ##......     8%          2    ##.....
c - Petrify               Tmut/Erth      ##......     45%         4    #####..

Your spell library contained the following spells:

 Spells                   Type           Power        Failure   Level  Hunger
 Stone Arrow              Conj/Erth      #.....       24%         3    ###....
 Lee's Rapid Deconstruct  Erth           ###.......   69%         5    ######.


Dungeon Overview and Level Annotations

Branches:
Dungeon (3/15)

Altars:


Innate Abilities, Weirdness & Mutations

You cannot wear most types of armour.
You are very stealthy in the water. (Stealth+)
You are amphibious.
You can wear up to eight rings at the same time.
You can use your tentacles to constrict eight enemies at once.
Your skin changes colour to match your surroundings (Stealth+).
Your rubbery body absorbs attacks. (AC +1, EV +1)


Message History

The adder poisons you!
You barely miss the adder. Your grab misses the adder.
You squeeze the adder, but do no damage.
You feel sick. The adder bites you. The adder barely misses you.
You feel sick. The adder bites you.
* * * LOW HITPOINT WARNING * * *
You feel better.
The adder closely misses you. x2; The adder bites you. x2
* * * LOW HITPOINT WARNING * * *
Okay, then.
Sorry, you're not good enough to have a special ability.
As you read the scroll labeled SOOLEKH KIDYTE, it crumbles to dust.
The creatures around you are filled with an inner flame!
It was a scroll of immolation.
The adder bites you but does no damage. The adder bites you.
* * * LOW HITPOINT WARNING * * *
You are lethally poisoned!
The adder poisons you!
Okay, then.
Quiver which item? (- for none, * to show all) (? for menu, Esc to quit)
Okay, then.

###.# #.# #
#.# #.# ..#
#.# ### #.#
#.# #.# #.#
#########.#
#.....S@..#
#......S..#
+.........#
#.............
#........#####
#...!....#
####+#####


You could see 2 adders.

Vanquished Creatures
  3 adders (D:2)
  An ooze (D:2)
  4 worms (D:2)
  A dart slug (D:1)
  2 leopard geckos (D:2)
  An orc (D:3)
  2 giant cockroaches
  7 goblins
  3 hobgoblins
  3 jackals (D:1)
  6 kobolds
  6 bats
  2 frilled lizards (D:1)
  4 rats
45 creatures vanquished.

Notes
Turn   | Place    | Note
-------+----------+-------------------------------------------
     0 | D:1      | russianmonk1111 the Octopode Earth Elementalist began the
                  | quest for the Orb.
     0 | D:1      | Reached XP level 1. HP: 11/11 MP: 3/3
   574 | D:1      | Reached XP level 2. HP: 18/18 MP: 5/5
   578 | D:1      | Learned a level 2 spell: Passwall
  1807 | D:2      | Reached XP level 3. HP: 22/22 MP: 6/6
  2156 | D:2      | Reached skill level 1 in Fighting
  2334 | D:2      | Reached XP level 4. HP: 28/28 MP: 5/7
  2399 | D:2      | Learned a level 4 spell: Petrify
  3095 | D:3      | Quit the game

Vault maps used:
D:1:      dpeg_arrival_rooms_a, minmay_heptomino_d4
D:3:      elyvilon_altar_5, uniq_crazy_yiuf_cottage, uniq_terence

Skill      XL: |  1  2  3  4 |
---------------+-------------+-----
Stealth        | 3 |  3.5
Fighting       | 1 |  1.2
Transmutations | 2 |  2.1
Dodging        | |  2.0
Spellcasting   | |  2.4
Earth Magic    | |  3.8

Action                   |  1- 3 |  4- 6 || total
-------------------------+-------+-------++-------
Melee: Dagger            |    47 |    29 ||    76
       Constrict         |    11 |     8 ||    19
       Tentacles         |     7 |     7 ||    14
 Cast: Sandblast         |    14 |    10 ||    24
  Use: Potion            |     1 |     1 ||     2
       Scroll            |     4 |     4 ||     8
 Stab: Sleeping          |    12 |     3 ||    15
  Eat: Chunk             |     4 |     2 ||     6
Armor: Skin              |    10 |     6 ||    16
Dodge: Dodged            |    34 |    31 ||    65

Table legend:
 A = Non-vault XP
 B = Vault XP
 C = Vault XP percentage of total XP
 D = Non-vault monster count
 E = Vault monster count
 F = Vault count percentage of total count
                 A         B        C        D         E       F
            +---------+---------+-------+---------+---------+-------
      Total |     128 |       4 |   3.0 |      43 |       2 |   4.4
            +---------+---------+-------+---------+---------+-------
        D:1 |      28 |       4 |  12.5 |      17 |       2 |  10.5
        D:2 |      94 |       0 |   0.0 |      23 |       0 |   0.0
        D:3 |       6 |       0 |   0.0 |       3 |       0 |   0.0
            +---------+---------+-------+---------+---------+-------
